AoeStats
← GGisk

Arabia

504596993Analyzed
2v2 RM · 27d ago on Sep 5, 2026· 60m 27s· 4 players
Game mode
Random Map
Map size
Medium (4 player)
Population
200
Speed
Normal
Resources
Standard
Victory
Conquest
Starting age
Dark Age
Ending age
Imperial Age
RankedLock teamsTeams togetherTeam positionsShared explorationLock speedFull tech treeHidden civsTurbo modeCheats
Victory
Defeat
🇦🇷 Khmer · Argentina
871
+16
🇦🇷 Franks · Argentina
830
+18
🇺🇸 Magyars · United States
882
-17
🇺🇸 Mongols · United States
872
-17
GGisk
8:13 Loom
10:49 Feudal Age
12:08 Double-Bit Axe
25:52 Scale Barding Armor
27:52 Forging
31:58 Castle Age
32:20 Pikeman
34:19 Scale Mail Armor
34:54 Iron Casting
36:50 Squires
38:32 Wheelbarrow
38:34 Chain Mail Armor
38:27 Husbandry
39:53 Chain Barding Armor
40:56 Hand Cart
40:53 Arson
40:59 Gambesons
40:42 Light Cavalry
42:14 Town Watch
45:46 Town Patrol
47:53 Bow Saw
58:19 Gold Mining
60:38 Stone Mining
61:23 Gold Shaft Mining
AA | Pibeee
9:03 Loom
10:49 Feudal Age
15:06 Castle Age
18:45 Husbandry
18:56 Bloodlines
20:41 Scale Barding Armor
27:22 Horse Collar
32:01 Forging
34:45 Wheelbarrow
35:03 Chain Barding Armor
42:21 Imperial Age
43:13 Pikeman
43:49 Double-Bit Axe
46:50 Bow Saw
46:40 Light Cavalry
51:05 Hand Cart
51:27 Ballistics
57:38 Chemistry
Blondie
10:14 Feudal Age
8:30 Loom
11:20 Double-Bit Axe
13:57 Horse Collar
20:40 Castle Age
40:15 Forging
40:19 Scale Barding Armor
46:32 Imperial Age
45:57 Bloodlines
46:00 Forging
46:38 Wheelbarrow
48:03 Gold Mining
49:22 Heavy Camel Rider
52:39 Conscription
52:13 Fletching
52:24 Padded Archer Armor
Get Rich @ Hex.com
3:54 Loom
10:54 Feudal Age
12:46 Double-Bit Axe
15:20 Bloodlines
18:08 Scale Barding Armor
22:02 Castle Age
22:10 Light Cavalry
28:02 Wheelbarrow
33:00 Husbandry
33:12 Horse Collar
34:53 Chain Barding Armor
40:40 Imperial Age
38:29 Hand Cart
41:01 Capped Ram
44:28 Cavalier
47:52 Conscription
Connection lost

Rejoining the realm…

Still unreachable

The connection could not be restored.

Session expired

The server has moved on; the page needs a fresh start.